 Dungeon Crawl Stone Soup version 0.22-a0-512-g0943f25 (webtiles) character file.

87924 kae the Bludgeoner (level 15, -18/137 HPs)
             Began as a Minotaur Fighter on June 18, 2018.
             Was the Champion of Makhleb.
             Killed from afar by a deep elf knight (28 damage)
             ... with a shard of ice
             ... on level 1 of the Elven Halls.
             The game lasted 00:27:25 (26218 turns).

kae the Bludgeoner (Minotaur Fighter)              Turns: 26218, Time: 00:27:27

Health: -18/137    AC: 20    Str: 24    XL:     15   Next: 45%
Magic:  23/23      EV: 18    Int:  7    God:    Makhleb [******]
Gold:   462        SH:  5    Dex: 14    Spells: 14/14 levels left

rFire    . . .     SeeInvis .   N - +1 great mace
rCold    + . .     Gourm    .   (shield currently unavailable)
rNeg     + + +     Faith    .   A - +6 scale mail "Moxkust" {*Drain rC+ rN++}
rPois    .         Spirit   .   (helmet restricted)
rElec    .         Reflect  +   D - +2 cloak {MR+}
rCorr    .         Harm     .   C - +0 pair of fencer's gloves {+Riposte Dex+3}
MR       +++..                  (no boots)
Stlth    ..........             P - +5 amulet of reflection
HPRegen  0.32/turn              j - ring of positive energy
MPRegen  0.18/turn              I - ring of protection from magic

@: no status effects
A: retaliatory headbutt, horns 2
a: Minor Destruction, Lesser Servant of Makhleb, Major Destruction, Greater
Servant of Makhleb, Renounce Religion


You were on level 1 of the Elven Halls.
You worshipped Makhleb.
Makhleb was exalted by your worship.
You were not hungry.

You visited 5 branches of the dungeon, and saw 24 of its levels.
You also visited: Bailey.

You collected 1876 gold pieces.
You spent 1414 gold pieces at shops.

Inventory:

Hand Weapons
 a - a +1 flail
 l - a +0 antimagic mace
 n - a +1 dire flail
 N - a +1 great mace (weapon)
Armour
 A - the +6 scale mail "Moxkust" (worn) {*Drain rC+ rN++}
   (You bought it in a shop on level 9 of the Dungeon)

   It protects you from cold.
   It greatly protects you from negative energy.
   It causes draining when unequipped.
 C - the +0 pair of fencer's gloves (worn) {+Riposte Dex+3}
   (You bought it in a shop on level 9 of the Dungeon)

   It affects your dexterity (+3).
 D - a +2 cloak of magic resistance (worn)
 Q - a +1 plate armour of poison resistance
Jewellery
 j - a ring of positive energy (left hand)
 o - an uncursed ring of see invisible
 E - an uncursed ring of fire
 I - a ring of protection from magic (right hand)
 K - an uncursed ring of resist corrosion
 P - a +5 amulet of reflection (around neck)
Wands
 b - a wand of polymorph (26)
 c - a wand of enslavement (41)
 q - a wand of clouds (2)
 x - a wand of flame (59)
 y - a wand of acid (10)
 J - a wand of disintegration (27)
 L - a wand of random effects (42)
Scrolls
 i - 5 scrolls of enchant armour
 m - 8 scrolls of enchant weapon
 p - 5 scrolls of fear
 r - 9 scrolls of identify
 s - 4 scrolls of magic mapping
 u - 4 scrolls of remove curse
 w - 5 scrolls of amnesia
 F - a scroll of vulnerability
 G - 5 scrolls of blinking
 O - 4 scrolls of silence
Potions
 d - 2 potions of might
 e - 2 potions of magic
 g - 5 potions of agility
 h - 11 potions of curing
 k - 7 potions of heal wounds
 t - 5 potions of lignification
 v - 2 potions of mutation
 z - a potion of invisibility
 B - a potion of brilliance
 H - a potion of haste
 M - 2 potions of flight
 R - a potion of berserk rage
Comestibles
 f - 26 rations


   Skills:
 + Level 13.7 Fighting
 * Level 18.0 Maces & Flails
 + Level 13.7 Armour
 + Level 12.3 Dodging
   Level 3.6 Shields
 * Level 12.0 Invocations


You had 14 spell levels left.
You didn't know any spells.
Your spell library contained the following spells:

 Spells                   Type           Power        Failure   Level  Hunger
 Magic Dart               Conj           #...         65%         1    ##.....
 Apportation              Tloc           #.....       65%         1    ##.....
 Conjure Flame            Conj/Fire      #.......     95%         3    ####...
 Bolt of Cold             Conj/Ice       #.........   100%        6    #######
 Bolt of Magma            Conj/Fire/Erth #.........   100%        5    ######.
 Slow                     Hex            #.......     80%         2    ###....
 Invisibility             Hex            #.......     100%        6    #######
 Mephitic Cloud           Conj/Pois/Air  #.......     95%         3    ####...
 Venom Bolt               Conj/Pois      #.........   100%        5    ######.
 Blink                    Tloc           N/A          80%         2    ###....
 Call Imp                 Summ           #.......     80%         2    ###....
 Tukima's Dance           Hex            #.......     95%         3    ####...
 Iron Shot                Conj/Erth      #.........   100%        6    #######
 Spider Form              Tmut/Pois      #.........   95%         3    ####...
 Blade Hands              Tmut           #.........   100%        5    ######.
 Ice Form                 Ice/Tmut       #.......     100%        4    #####..
 Sticks to Snakes         Tmut           #.......     80%         2    ###....
 Metabolic Englaciation   Hex/Ice        #.........   100%        5    ######.
 Summon Butterflies       Summ           #.......     65%         1    ##.....
 Alistair's Intoxication  Tmut/Pois      #.......     100%        5    ######.
 Excruciating Wounds      Chrm/Necr      #.........   100%        5    ######.
 Orb of Destruction       Conj           #.........   100%        7    #######
 Summon Hydra             Summ           #.........   100%        7    #######
 Shroud of Golubria       Chrm/Tloc      #.........   80%         2    ###....
 Beastly Appendage        Tmut           #.....       65%         1    ##.....
 Iskenderun's Battlesphe  Conj/Chrm      #.......     100%        5    ######.
 Infusion                 Chrm           #...         65%         1    ##.....
 Spellforged Servitor     Conj/Summ      #.........   100%        7    #######
 Summon Mana Viper        Hex/Summ       #.......     100%        5    ######.
 Lesser Beckoning         Tloc           #.........   95%         3    ####...


Dungeon Overview and Level Annotations

Branches:
Dungeon (14/15)            Temple (1/1) D:4            Lair (6/6) D:9
 Shoals (0/4) Lair:2       Spider (0/4) Lair:4        Slime (0/5) Lair:6
    Orc (2/2) D:11            Elf (1/3) Orc:2        Vaults (0/5) D:14

Altars:
Ashenzari
Cheibriados
Dithmenos
Elyvilon
Fedhas
Gozag
Hepliaklqana
Kikubaaqudgha
Makhleb
Nemelex Xobeh
Okawaru
Qazlal
Ru
Sif Muna
Trog
Uskayaw
Vehumet
Wu Jian
Xom
Yredelemnul
Zin
The Shining One
Beogh
Jiyva

Shops:
D:7 !   D:9 [   D:10 }   D:13 (   Orc:2 ([=*   Elf:1 (}=}

Annotations:
D:5 KeeTraxx's ghost, novice GnWn
Lair:1 2 transporters
Lair:2 3 runed doors, kae's ghost, journeyman MiFi
Lair:6 1 runed door


Innate Abilities, Weirdness & Mutations

You reflexively headbutt those who attack you in melee.
You have a pair of horns on your head.


Message History

Something completely misses you. Something hits you but does no damage.
Your neqoxec hits the deep elf mage.
The deep elf mage dies!
Makhleb accepts your kill.
There is an open door, spattered with blood here.
You see here 5 arrows.
Something blocks your attack. You block something's attack.
You completely miss something. Your headbutt misses something.
You hear some strange, mumbled words.
A shard of ice appears from out of thin air!
The shard of ice hits you! You partially resist.
* * * LOW HITPOINT WARNING * * *
Something blocks your attack.
Your headbutt misses something. Something hits you!
* * * LOW HITPOINT WARNING * * *
You completely miss something.
You hear some strange, mumbled words.
A shard of ice appears from out of thin air!
The shard of ice hits you! You partially resist.
You die...

#......).####)#
###.#'####
##...(..).....(#
#.....'...
#...)#.#.#.#(..#
#.....####
##..#########.(#
#.....# #.. #..)#
##'#.#'## #'.
#e######(.#
##.#####.### ...
4e≈=..'(..# ##.## ##'##
.#.. #####.##..# ##.##
##.. '###. ..
#.{@###.## #.. .. #. ##
##.53.'## #..
.#(.....###########..
...)...)(.'.........'..
#####.....############'
#'#...'## ####.#
#.######.## ####8.8.8
.# ##(###.##.⌠)⌠. .#
##(.....8.∩.8


You could see a friendly neqoxec and a friendly white imp.

Vanquished Creatures
  Kirke (Lair:6)
  An orc warlord (Orc:2)
  A stone giant (Orc:1)
  A yaktaur captain (D:14)
  4 hydras
  A centaur warrior (D:13)
  7 dancing weapons (Elf:1)
  2 two-headed ogres
  5 deep elf knights (Elf:1)
  2 orc high priests
  An unseen horror (D:14)
  A sea snake (Lair:6)
  5 deep elf archers
  A lindwurm (Lair:6)
  A harpy (Lair:6)
  3 orc knights
  29 deep elf magi
  7 orc sorcerers
  4 cyclopes
  3 manticores
  8 elephants
  3 molten gargoyles (D:13)
  Maurice (D:10)
  3 black mambas
  A gargoyle (D:12)
  A torpor snail (Lair:6)
  Psyche (D:9)
  12 spiny frogs
  5 rime drakes
  3 freezing wraiths (D:12)
  8 komodo dragons
  A redback zombie (D:12)
  2 yaktaurs (D:14)
  A kobold demonologist (D:13)
  5 trolls
  A wolf spider simulacrum (D:14)
  3 hornets
  10 blink frogs
  5 polar bears
  A snapping turtle (Lair:2)
  6 hippogriffs
  4 slime creatures (D:14)
  4 dream sheep (Lair:6)
  A meliai zombie (D:14)
  A shadow (D:13)
  3 redbacks (Lair:4)
  A spriggan (shapeshifter) (D:13)
  19 yaks
  A spriggan (D:9)
  2 air elementals (Elf:1)
  4 wyverns
  2 wraiths
  A fire elemental (Elf:1)
  5 hogs (Lair:6)
  3 water elementals (Elf:1)
  4 basilisks
  A hungry ghost (D:7)
  6 vampire mosquitoes
  Menkaure (D:7)
  A steam dragon (D:10)
  4 wargs (Orc:1)
  11 water moccasins
  2 soldier ants
  A meliai simulacrum (D:14)
  7 porcupines
  28 orc warriors
  5 sky beasts
  2 black bears
  An ice beast (D:11)
  2 phantoms
  3 necrophages
  18 ogres
  8 centaurs
  7 crocodiles
  3 wolves (Lair:5)
  4 big kobolds
  14 bullfrogs
  3 earth elementals (Elf:1)
  A scorpion (Lair:4)
  3 killer bees (D:9)
  4 electric eels
  7 crimson imps
  4 howler monkeys
  2 quasits (D:9)
  2 centaur zombies
  6 hounds
  A lava snake (D:13)
  24 orc priests
  4 bullfrog zombies
  5 jellies
  19 orc wizards
  2 bullfrog skeletons (D:13)
  2 centaur skeletons
  3 iguanas
  5 worker ants
  2 hound skeletons
  11 adders
  5 shadow imps
  An ooze (D:1)
  An adder zombie (D:9)
  A worm (D:2)
  5 dart slugs
  5 leopard geckos
  102 orcs
  8 bats
  6 giant cockroaches
  10 goblins
  2 hobgoblins (D:3)
  7 jackals
  28 kobolds
  A quokka (D:4)
  8 frilled lizards
  7 rats
652 creatures vanquished.

Vanquished Creatures (collateral kills)
  Snorg (D:11)
  A death knight (D:11)
  A merfolk avatar (Lair:6)
  A deep elf archer (Elf:1)
  A deep elf mage (Elf:1)
  3 elephants (Lair:5)
  A centaur zombie (D:11)
  A polar bear (Lair:6)
  A troll (D:11)
  2 blink frogs (Lair:6)
  A hippogriff (D:12)
  A dream sheep (Lair:6)
  A redback (Lair:4)
  8 yaks
  A tengu (shapeshifter) (Elf:1)
  An adder (D:11)
  A fungus (Lair:5)
  A plant (Lair:5)
28 creatures vanquished.

Vanquished Creatures (others)
  A molten gargoyle (D:13)
  An air elemental (Elf:1)
  A human (Lair:6)
  A floating eye (Elf:1)
  An orc wizard (D:11)
  4 fungi
  19 plants
  6 withered plants (Lair:2)
34 creatures vanquished.

Grand Total: 714 creatures vanquished

Notes
Turn   | Place    | Note
-------+----------+-------------------------------------------
     0 | D:1      | kae the Minotaur Fighter began the quest for the Orb.
     0 | D:1      | Reached XP level 1. HP: 19/19 MP: 0/0
    40 | D:1      | Reached XP level 2. HP: 23/27 MP: 1/1
    89 | D:1      | Reached skill level 3 in Maces & Flails
   277 | D:1      | Reached skill level 1 in Dodging
   479 | D:2      | Reached XP level 3. HP: 33/33 MP: 2/2
   637 | D:2      | Found a faded altar of an unknown god.
   803 | D:2      | Found a deep blue altar of Sif Muna.
   805 | D:2      | Found a shimmering altar of Xom.
   805 | D:2      | Found a white marble altar of Elyvilon.
   807 | D:2      | Found a basalt altar of Yredelemnul.
   807 | D:2      | Found a snail-covered altar of Cheibriados.
   807 | D:2      | Found a shimmering altar of Xom.
   900 | D:2      | Reached XP level 4. HP: 40/40 MP: 3/3
  1204 | D:3      | Reached skill level 4 in Maces & Flails
  1388 | D:3      | Reached XP level 5. HP: 37/47 MP: 4/4
  1492 | D:3      | Found a bloodstained altar of Trog.
  1676 | D:3      | Noticed a sky beast
  1697 | D:3      | Killed a sky beast
  1697 | D:3      | Reached skill level 5 in Maces & Flails
  1823 | D:3      | You fall through a shaft!
  1823 | D:4      | Found a staircase to the Ecumenical Temple.
  1834 | D:4      | Noticed an ogre
  1853 | D:4      | Killed an ogre
  1853 | D:4      | Reached skill level 5 in Armour
  1853 | D:4      | Reached XP level 6. HP: 21/55 MP: 1/5
  1858 | Temple   | Entered the Ecumenical Temple
  2111 | D:4      | Reached skill level 5 in Fighting
  2199 | D:4      | Found a snail-covered altar of Cheibriados.
  2548 | D:4      | Reached skill level 6 in Maces & Flails
  2947 | D:5      | Entered Level 5 of the Dungeon
  2995 | D:5      | Reached XP level 7. HP: 47/61 MP: 2/6
  3760 | D:5      | Found a runed door.
  3760 | D:5      | Noticed KeeTraxx's ghost (novice GnWn)
  4633 | D:6      | Reached skill level 7 in Maces & Flails
  4756 | D:6      | Reached XP level 8. HP: 30/70 MP: 2/7
  4972 | D:6      | Found an ancient bone altar of Kikubaaqudgha.
  5149 | D:6      | Found a burning altar of Makhleb.
  5156 | D:6      | Reached skill level 8 in Maces & Flails
  5161 | D:6      | Became a worshipper of Makhleb the Destroyer
  5358 | D:6      | Found a shadowy altar of Dithmenos.
  5497 | D:7      | Found Atzingut's Distillery.
  5505 | D:7      | Bought a potion of lignification for 36 gold pieces
  5505 | D:7      | Bought a potion of mutation for 96 gold pieces
  5505 | D:7      | Bought a potion of lignification for 36 gold pieces
  5532 | D:7      | Noticed Menkaure
  5704 | D:7      | Killed Menkaure
  5704 | D:7      | Reached skill level 5 in Dodging
  5892 | D:7      | Found a sacrificial altar of Ru.
  5954 | D:7      | Reached skill level 9 in Maces & Flails
  5955 | D:7      | Reached * piety under Makhleb
  6044 | D:7      | Found a bloodstained altar of Trog.
  6128 | D:7      | Found a basalt altar of Yredelemnul.
  6532 | D:8      | Reached XP level 9. HP: 76/78 MP: 8/8
  6702 | D:8      | Found a glowing golden altar of the Shining One.
  7291 | D:8      | Found a blossoming altar of Fedhas.
  7572 | D:9      | Reached skill level 10 in Maces & Flails
  7725 | D:9      | Found a staircase to the Lair.
  7800 | D:9      | Reached ** piety under Makhleb
  8254 | D:9      | Found Maw Emmo's Antique Armour Emporium.
  8267 | D:9      | Bought a faintly humming scale mail for 216 gold pieces
  8277 | D:9      | Identified the +6 scale mail "Moxkust" {*Drain rC+ rN++} (You bought it in a shop on level 9 of the Dungeon)
  8338 | D:9      | Found an ornate altar of the Wu Jian Council.
  8338 | D:9      | Noticed Psyche
  8341 | D:9      | Killed Psyche
  8346 | D:9      | Found a glowing silver altar of Zin.
  8346 | D:9      | Found a shattered altar of Ashenzari.
  8347 | D:9      | Found a radiant altar of Vehumet.
  8426 | D:9      | Reached skill level 11 in Maces & Flails
  8588 | D:9      | Reached XP level 10. HP: 81/89 MP: 9/9
  8690 | D:10     | Entered Level 10 of the Dungeon
  9051 | D:10     | Found Balatuog's Gadget Shop.
  9052 | D:10     | Noticed Maurice
  9080 | D:10     | Found a bloodstained altar of Trog.
  9091 | D:10     | Killed Maurice
  9487 | Lair:1   | Entered Level 1 of the Lair of Beasts
  9523 | Lair:1   | Found a transporter.
  9537 | Lair:1   | Noticed a spiny frog
  9543 | Lair:1   | Reached *** piety under Makhleb
  9543 | Lair:1   | Reached skill level 12 in Maces & Flails
  9552 | Lair:1   | Killed a spiny frog
  9901 | Lair:1   | Noticed a spiny frog
  9906 | Lair:1   | Killed a spiny frog
 10226 | Lair:1   | Noticed a spiny frog
 10237 | Lair:1   | Killed a spiny frog
 10472 | Lair:1   | Found a transporter.
 10474 | Lair:1   | Noticed a fire crab
 10475 | Lair:1   | Noticed a fire crab
 10558 | Lair:1   | Noticed a six-headed hydra
 10567 | Lair:1   | Killed a six-headed hydra
 10567 | Lair:1   | Reached XP level 11. HP: 98/98 MP: 10/10
 11093 | Lair:2   | Reached skill level 10 in Fighting
 11093 | Lair:2   | Reached skill level 13 in Maces & Flails
 11093 | Lair:2   | Reached skill level 10 in Armour
 11093 | Lair:2   | Reached skill level 1 in Invocations
 11276 | Lair:2   | Found a runed gate.
 11277 | Lair:2   | Found a runed gate.
 11278 | Lair:2   | Found a runed gate.
 11280 | Lair:2   | Noticed kae's ghost (journeyman MiFi)
 11280 | Lair:2   | Noticed kae's ghost (journeyman MiFi)
 11559 | Lair:2   | Found a staircase to the Shoals.
 14163 | Lair:4   | Reached skill level 14 in Maces & Flails
 14165 | Lair:4   | Reached **** piety under Makhleb
 14165 | Lair:4   | Reached skill level 5 in Invocations
 14165 | Lair:4   | Reached XP level 12. HP: 107/107 MP: 14/14
 14344 | Lair:4   | Found a hole to the Spider Nest.
 15062 | Lair:5   | Noticed a five-headed hydra
 15068 | Lair:5   | Killed a five-headed hydra
 15731 | Lair:6   | Entered Level 6 of the Lair of Beasts
 15795 | Lair:6   | Reached skill level 10 in Dodging
 15910 | Lair:6   | Reached skill level 15 in Maces & Flails
 16405 | Lair:6   | Noticed Kirke
 16411 | Lair:6   | Noticed an eight-headed hydra
 16411 | Lair:6   | Noticed a merfolk avatar
 16495 | Lair:6   | Reached XP level 13. HP: 114/115 MP: 17/17
 16696 | Lair:6   | Killed Kirke
 16820 | Lair:6   | Found a runed door.
 16821 | Lair:6   | Found a viscous altar of Jiyva.
 16824 | Lair:6   | Found a staircase to the Slime Pits.
 17079 | Lair:6   | Identified the Papyrus of Assistive Malediction
 17593 | D:11     | Noticed Snorg
 17600 | D:11     | Killed Snorg
 17799 | D:11     | Found a staircase to the Orcish Mines.
 17844 | D:11     | Reached ***** piety under Makhleb
 18296 | D:12     | Reached skill level 16 in Maces & Flails
 19464 | Orc:1    | Entered Level 1 of the Orcish Mines
 19557 | Orc:1    | Noticed a stone giant
 19925 | Orc:1    | Killed a stone giant
 19925 | Orc:1    | Reached XP level 14. HP: 111/126 MP: 20/20
 20071 | Orc:2    | Entered Level 2 of the Orcish Mines
 20660 | Orc:2    | Reached skill level 10 in Invocations
 20921 | Orc:2    | Found a staircase to the Elven Halls.
 20945 | Orc:2    | Noticed an orc warlord
 21037 | Orc:2    | Killed an orc warlord
 21153 | Orc:2    | Found Ihafur's General Store.
 21197 | Orc:2    | Found Pycy's Jewellery Shop.
 21210 | Orc:2    | Bought a cursed -3 ring of dexterity for 34 gold pieces
 21248 | Orc:2    | Found a roughly hewn altar of Beogh.
 21346 | Orc:2    | Reached ****** piety under Makhleb
 21548 | Orc:2    | Found a roughly hewn altar of Beogh.
 21820 | Orc:2    | Found Neugemur's Antique Armour Boutique.
 21906 | Orc:2    | Found Efosenwu's Antique Weapon Shoppe.
 22690 | D:13     | Found Kaisaqur's Weapon Boutique.
 22731 | D:13     | Found a sacrificial altar of Ru.
 22995 | D:13     | Reached skill level 17 in Maces & Flails
 23440 | D:9      | Bought the +0 pair of fencer's gloves {+Riposte Dex+3} for 960 gold pieces
 23440 | D:9      | Found the +0 pair of fencer's gloves {+Riposte Dex+3}
 23678 | D:14     | Found a flagged portal.
 23691 | Bailey   | Entered a bailey
 24008 | Bailey   | Identified the Tome of Creative Attacks
 24235 | D:14     | Found a white marble altar of Elyvilon.
 24388 | D:14     | Found a gate to the Vaults.
 24978 | Elf:1    | Entered Level 1 of the Elven Halls
 25032 | Elf:1    | Reached XP level 15. HP: 131/135 MP: 22/22
 25738 | Elf:1    | Found Zeonkea's Gadget Boutique.
 25740 | Elf:1    | Found Yppy's Jewellery Emporium.
 25775 | Elf:1    | Found Qoanank's Gadget Boutique.
 25919 | Elf:1    | Bought a cursed -3 ring of evasion for 36 gold pieces
 25975 | Elf:1    | Found Kuiny's Antique Weapon Shoppe.
 26170 | Elf:1    | Reached skill level 18 in Maces & Flails
 26218 | Elf:1    | Killed from afar by a deep elf knight

Vault maps used:
D:1:      saegor_arrival_miasma, minmay_vboxes
D:2:      doesnt_xom_only_xom, chequers_ecumenical_altar_simple_redux
D:3:      nicolae_overflow_hidden_temple, first_ration, minmay_stone_trees_small
D:4:      minmay_temple_entry_statues_fountains, minivault_14,
          cheibriados_altar_1
D:5:      gammafunk_ghost_grave
D:6:      kennysheep_little_box, kiku_gazebo_pond_becter,
          makhleb_blood_cavern_becter
D:7:      nicolae_overflow_crystal_walls, kennysheep_mini, serial_shops,
          shop_fountains, serial_co_window_serial, co_window_corner_a,
          co_window_of_opportunity_a, co_window_corner_a, co_window_cross_1,
          co_window_paths_b, co_window_paths_b, co_window_corner_a,
          co_window_corner_cb, co_window_cross_3, co_window_corner_b,
          co_window_corner_ca, glass_columns_a, glass_columns_c,
          glass_columns_a, basic_altar, uniq_menkaure
D:8:      marbit_many_paths, overflow_temple_1_default
D:9:      chequers_temple_overflow_statue_of_worship, dpeg_oklobed_lair,
          serial_shops, nicolae_shop_statue_plus, grunt_pizzeria, uniq_psyche
D:10:     serial_shops, nicolae_shop_stone, basic_altar, uniq_maurice
D:11:     hiddenorc2_lemuel, uniq_snorg
D:13:     serial_shops, shop, basic_altar, minivault_8
D:14:     david_vaults_2, minmay_misc_feat_tower, enter_bailey_3,
          minmay_fountain_box, elyvilon_altar_5
Temple:   pf_slime_end_temple
Lair:1:   gammafunk_cloud_chamber
Lair:2:   minmay_shoals_entry_hut, gammafunk_ghost_cemetery,
          serial_bayou_shore_a
Lair:3:   gammafunk_lair_bear_cave
Lair:4:   spider_nest_entry_webs
Lair:5:   lemuel_fruit_tree
Lair:6:   gammafunk_lair_ancient_temple, slime_altar_2, lab_entry_generic,
          uniq_kirke
Orc:2:    grunt_orc_gardens, grunt_orc_garden, grunt_orc_garden,
          grunt_orc_garden, grunt_orc_garden, basic_altar,
          david_defended_altar_orc
Elf:1:    elf_arrival_001, serial_shops,
          nicolae_shop_temple_entry_statues_fountains, evilmike_minifort,
          onia_ninara_cookie, minmay_shop_grove
Bailey:   bailey_polearm_3, bailey

Skill      XL: |  1  2  3  4  5  6  7  8  9 10 11 12 13 14 15 |
---------------+----------------------------------------------+-----
Maces & Flails | 3 4 5 6 7 9 11 12 14 15 16 17 18 | 18.0
Dodging        | 1 2 3 4 5 6 8 9 10 11 12 | 12.3
Fighting       | 4 5 6 7 8 9 10 11 12 13 | 13.7
Armour         | 4 5 6 7 8 9 10 11 12 13 | 13.7
Invocations    | 5 7 9 11 12 | 12.0
Shields        | |  3.6

Action                   |  1- 3 |  4- 6 |  7- 9 | 10-12 | 13-15 || total
-------------------------+-------+-------+-------+-------+-------++-------
Melee: Flail             |    83 |    52 |       |       |       ||   135
       Headbutt          |     9 |    25 |    67 |   133 |   253 ||   487
       Mace              |       |   112 |   106 |       |       ||   218
       Dire flail        |       |       |   329 |   568 |   467 ||  1364
       Great mace        |       |       |       |       |   730 ||   730
Invok: Lesser Servant of |       |       |       |     6 |    10 ||    16
Evoke: Wand              |       |       |       |     6 |       ||     6
  Use: Scroll            |     7 |     2 |     6 |    10 |     9 ||    34
       Potion            |       |       |     2 |       |     2 ||     4
 Stab: Distracted        |       |       |       |     2 |     2 ||     4
  Eat: Chunk             |       |     2 |    16 |    17 |    30 ||    65
       Ration            |       |     1 |     3 |     2 |     1 ||     7
Armor: Scale mail        |    38 |    81 |    44 |   192 |   441 ||   796
       Plate armour      |       |       |   180 |       |       ||   180
Dodge: Dodged            |    36 |    63 |   176 |   265 |   763 ||  1303
Block: Shield            |    45 |    81 |    43 |       |       ||   169
       Other             |       |       |       |       |   171 ||   171
       Reflection        |       |       |       |       |     9 ||     9
       Rpst.: Great mace |       |       |       |       |    52 ||    52

Table legend:
 A = Spawn XP
 B = Non-spawn XP
 C = Spawn XP percentage of total XP
 D = Spawn monster count
 E = Non-spawn monster count
 F = Spawn count percentage of total count
 G = Total turns spent on level
                    A         B        C        D         E        F      G
               +---------+---------+-------+---------+---------+-------+---------
         Total |       0 |  125607 |   0.0 |       0 |     680 |   0.0 | 26218
               +---------+---------+-------+---------+---------+-------+---------
           D:1 |       0 |      38 |   0.0 |       0 |      19 |   0.0 |   464
           D:2 |       0 |      59 |   0.0 |       0 |      22 |   0.0 |   487
           D:3 |       0 |     253 |   0.0 |       0 |      20 |   0.0 |  1021
           D:4 |       0 |     365 |   0.0 |       0 |      20 |   0.0 |   748
           D:5 |       0 |     333 |   0.0 |       0 |      16 |   0.0 |  1541
           D:6 |       0 |     855 |   0.0 |       0 |      17 |   0.0 |   914
           D:7 |       0 |     868 |   0.0 |       0 |      24 |   0.0 |   947
           D:8 |       0 |     887 |   0.0 |       0 |      26 |   0.0 |  1210
           D:9 |       0 |    2126 |   0.0 |       0 |      34 |   0.0 |  1200
          D:10 |       0 |    2131 |   0.0 |       0 |      19 |   0.0 |   828
          D:11 |       0 |    6101 |   0.0 |       0 |      67 |   0.0 |  1701
          D:12 |       0 |    6514 |   0.0 |       0 |      27 |   0.0 |  1203
          D:13 |       0 |    7995 |   0.0 |       0 |      48 |   0.0 |   768
          D:14 |       0 |    6880 |   0.0 |       0 |      25 |   0.0 |   903
        Lair:1 |       0 |    4464 |   0.0 |       0 |      18 |   0.0 |  1681
        Lair:2 |       0 |    3022 |   0.0 |       0 |      14 |   0.0 |  1503
        Lair:3 |       0 |    5802 |   0.0 |       0 |      20 |   0.0 |  1574
        Lair:4 |       0 |    3989 |   0.0 |       0 |      18 |   0.0 |   765
        Lair:5 |       0 |    3901 |   0.0 |       0 |      12 |   0.0 |  1164
        Lair:6 |       0 |   20352 |   0.0 |       0 |      66 |   0.0 |  1356
         Orc:1 |       0 |    8190 |   0.0 |       0 |      45 |   0.0 |  1205
         Orc:2 |       0 |    8153 |   0.0 |       0 |      44 |   0.0 |  1147
         Elf:1 |       0 |   25261 |   0.0 |       0 |      47 |   0.0 |  1240
        Bailey |       0 |    7068 |   0.0 |       0 |      12 |   0.0 |   421
               +---------+---------+-------+---------+---------+-------+---------
